 Dungeon Sprint DCSS version 0.26-a0-652-gafc20e3620 (webtiles) character file.

Game seed: 10528902814853005224

31284838 olmar the Minotaur Barricade (level 20, 194/194 HPs)
             Began as a Minotaur Fighter on Oct 3, 2020.
             Was an Initiate of Gozag.
             Escaped with the Orb
             ... and 10 runes on Oct 4, 2020!
             The game lasted 01:04:18 (20488 turns).

olmar the Minotaur Barricade (Minotaur Fighter)    Turns: 20488, Time: 01:04:19

Health: 194/194    AC: 45    Str: 30    XL:     20   Next: 49%
Magic:  13/13      EV: 25    Int:  3    God:    Gozag
Gold:   10477      SH: 42    Dex: 20    Spells: 52/52 levels left

rFire    + + +     SeeInvis +   S - +5 demon whip "Spellbinder" {antimagic, MR+}
rCold    + + +     Faith    .   m - +9 tower shield of the Wonderful Slorg {rPois rN++ Str+3}
rNeg     + + +     Spirit   .   j - +9 crystal plate armour
rPois    +         Reflect  +   f - +2 hood of the Assassin {Detection Stab+ Stlth++}
rElec    +         Harm     .   g - +2 cloak of Yteastus {rElec MP+9 Dex+9}
rCorr    +         Rampage  .   M - +0 pair of gloves {Str+3}
MR       +++++     Rnd*Rage +   x - -1 pair of boots of Kindness {rN+ MR+ SInv} Stlth ++........NoTele +
                                K - amulet of the Crushing Genius {Reflect rF+ rN+ MR+ Int-5 SH+5}
HPRegen  0.42/turn              L - ring "Jekasiuf" {rPois rF+ rC+}
MPRegen  0.13/turn              E - ring "Nynein" {rElec rF+ rC++ rCorr Int+4}

@: no status effects
A: retaliatory headbutt, horns 2, slimy green scales 1, berserk 2, blurry vision
2, clumsy 1, deformed body, dopey 1, frail 1, low mp 2, magic resistance 1,
shaggy fur 1, weak 1
0: Orb of Zot
}: 10/10 runes: serpentine, barnacled, slimy, silver, golden, iron, obsidian,
icy, bone, demonic
a: Potion Petition, Call Merchant, Bribe Branch, Renounce Religion


You escaped.
You worshipped Gozag.
Gozag was extremely pleased with you.
You visited 1 branch You collected 48123 gold pieces.
You spent 14027 gold pieces at shops.
You paid 23619 gold pieces to Gozag.

Inventory:

Hand Weapons
 b - the +4 morningstar of Attainder {pain, rN+ Str+3 Int+4 Dex-2}
   (You bought it in a shop in the Dungeon)

   In the hands of one skilled in necromantic magic, it inflicts extra damage on
   living creatures.
   It affects your strength (+3).
   It affects your intelligence (+4).
   It affects your dexterity (-2).
   It protects you from negative energy.
 R - a +2 eveningstar of freezing
 S - the +5 demon whip "Spellbinder" (weapon) {antimagic, MR+}
   (You acquired it in the Dungeon)

   It reduces the magical energy of the wielder, and disrupts the spells and
   magical abilities of those hit.
   Natural abilities and divine invocations are not affected.
   It affects your resistance to hostile enchantments.
 T - a +2 sacred scourge of holy wrath
Armour
 c - the +4 pair of boots of Paranoia {Str+3}
   (You found it in the Dungeon)

   It affects your strength (+3).
 f - the +2 hood of the Assassin (worn) {Detection Stab+ Stlth++}
   (You bought it in a shop in the Dungeon)

   It makes you much more stealthy.
 g - the +2 cloak of Yteastus (worn) {rElec MP+9 Dex+9}
   (You bought it in a shop in the Dungeon)

   It affects your dexterity (+9).
   It insulates you from electricity.
   It affects your magic capacity (+9).
 j - a +9 crystal plate armour (worn)
 k - the +0 pair of gloves of Cheibriados's Pride {rPois rF+ Dex+2}
   (You bought it in a shop in the Dungeon)

   It affects your dexterity (+2).
   It protects you from fire.
   It protects you from poison.
 m - the +9 tower shield of the Wonderful Slorg (worn) {rPois rN++ Str+3}
   (You found it in the Dungeon)

   It affects your strength (+3).
   It protects you from poison.
   It greatly protects you from negative energy.
 x - the -1 pair of boots of Kindness (worn) {rN+ MR+ SInv}
   (You bought it in a shop in the Dungeon)

   It protects you from negative energy.
   It affects your resistance to hostile enchantments.
   It lets you see invisible.
 M - a +0 pair of gloves of strength (worn)
Jewellery
 v - an uncursed ring of flight
 E - the ring "Nynein" (right hand) {rElec rF+ rC++ rCorr Int+4}
   (You acquired it in the Dungeon)

   [ring of resist corrosion]

   It affects your intelligence (+4).
   It protects you from fire.
   It greatly protects you from cold.
   It insulates you from electricity.
   It provides partial protection from all sources of acid and corrosion.
 K - the amulet of the Crushing Genius (around neck) {Reflect rF+ rN+ MR+ Int-5 SH+5}
   (You bought it in a shop in the Dungeon)

   [amulet of reflection]

   It shields you and reflects attacks.
   It affects your intelligence (-5).
   It protects you from fire.
   It protects you from negative energy.
   It affects your resistance to hostile enchantments.
   It affects your SH (+5).
 L - the ring "Jekasiuf" (left hand) {rPois rF+ rC+}
   (You bought it in a shop in the Dungeon)

   [ring of protection from cold]

   It protects you from fire.
   It protects you from cold.
   It protects you from poison.
 Z - a cursed -4 ring of strength {unknown}
Wands
 l - a wand of digging (11)
 N - a wand of enslavement (5)
 Q - a wand of iceblast (17)
Scrolls
 a - 7 scrolls of enchant weapon
 i - a scroll of vulnerability
 n - 6 scrolls of remove curse
 y - 2 scrolls of magic mapping
 B - 2 scrolls of summoning
 F - 2 scrolls of blinking
 G - 7 scrolls of amnesia
 J - a scroll of fog
 U - 2 scrolls of identify
Potions
 e - 23 potions of curing
 h - 4 potions of magic
 o - 4 potions of haste
 q - 5 potions of mutation
 r - 2 potions of brilliance
 s - 5 potions of stabbing
 t - a potion of cancellation
 u - 5 potions of resistance
 z - 4 potions of ambrosia
 C - 2 potions of invisibility
 D - 3 potions of lignification
 I - 6 potions of heal wounds
Miscellaneous
 d - a condenser vane (2/2)
 A - a lightning rod (4/4)
 H - the horn of Geryon
 V - a phantom mirror
 W - a tin of tremorstones (3/3)
 X - a phantom mirror
 Y - a box of beasts (3/3)


   Skills:
 O Level 27 Fighting
   Level 13.3 Short Blades
 O Level 27 Maces & Flails
   Level 14.8 Polearms
 O Level 27 Armour
 O Level 27 Dodging
 O Level 27 Stealth
 O Level 27 Shields
 + Level 16.9 Spellcasting
   Level 11.1 Ice Magic
 O Level 27 Evocations


You had 52 spell levels left.
You didn't know any spells.
Your spell library contained the following spells:

 Spells                   Type           Power        Failure   Level
 Frozen Ramparts          Ice            #.....       1%          3
 Animate Skeleton         Necr           #.....       50%         1
 Apportation              Tloc           #.....       50%         1
 Magic Dart               Conj           #...         50%         1
 Ice Form                 Ice/Tmut       #.......     50%         4
 Blink                    Tloc           N/A          65%         2
 Call Imp                 Summ           #.......     65%         2
 Corpse Rot               Necr/Air       N/A          65%         2
 Passwall                 Tmut/Erth      #.......     65%         2
 Slow                     Hex            #.......     65%         2
 Sublimation of Blood     Necr           #.........   65%         2
 Swiftness                Air            #.......     65%         2
 Ozocubu's Refrigeration  Ice            #.........   65%         6
 Metabolic Englaciation   Hex/Ice        #.........   85%         5
 Conjure Flame            Conj/Fire      #.......     86%         3
 Ignite Poison            Fire/Tmut/Pois #.......     86%         3
 Inner Flame              Hex/Fire       #.......     86%         3
 Lesser Beckoning         Tloc           #.........   86%         3
 Mephitic Cloud           Conj/Pois/Air  #.......     86%         3
 Spider Form              Tmut/Pois      #.........   86%         3
 Stone Arrow              Conj/Erth      #.....       86%         3
 Tukima's Dance           Hex            #.......     86%         3
 Olgreb's Toxic Radiance  Pois           #.......     99%         4
 Passage of Golubria      Tloc           N/A          99%         4
 Alistair's Intoxication  Tmut/Pois      #........    100%        5
 Bolt of Magma            Conj/Fire/Erth #.........   100%        5
 Borgnjor's Vile Clutch   Necr/Erth      #.........   100%        5
 Fireball                 Conj/Fire      #.........   100%        5
 Iskenderun's Battlesphe  Conj           #.......     100%        5
 Lee's Rapid Deconstruct  Erth           #.........   100%        5
 Summon Forest            Summ/Tloc      #.........   100%        5
 Eringya's Noxious Bog    Tmut/Pois      #.........   100%        6
 Freezing Cloud           Conj/Ice/Air   #.........   100%        6
 Hydra Form               Tmut           #.........   100%        6
 Invisibility             Hex            #.......     100%        6
 Iron Shot                Conj/Erth      #.........   100%        6
 Simulacrum               Ice/Necr       #.........   100%        6
 Starburst                Conj/Fire      #.........   100%        6
 Statue Form              Tmut/Erth      #........    100%        6
 Orb of Destruction       Conj           #.........   100%        7
 Spellforged Servitor     Conj/Summ      #.........   100%        7
 Summon Hydra             Summ           #.........   100%        7
 Ignition                 Fire           #.........   100%        8


Dungeon Overview and Level Annotations

Branches:
Dungeon (1/1)

Altars:
Cheibriados
Dithmenos
Elyvilon
Fedhas
Gozag
Hepliaklqana
Kikubaaqudgha
Makhleb
Nemelex Xobeh
Okawaru
Qazlal
Ru
Sif Muna
Trog
Uskayaw
Vehumet
Wu Jian
Xom
Yredelemnul
Zin
The Shining One
Beogh
Jiyva
Lugonu

Shops:
D [(*(!=*(}!(![**}[!}}[*?:!=((=}}([}((!


Innate Abilities, Weirdness & Mutations

You reflexively headbutt those who attack you in melee.
You have a pair of horns on your head.
You are partially covered in slimy green scales. (AC +2)
You often lose your temper in combat.
Scrolls take you longer to read.
You are clumsy. (Dex -2)
Armour fits poorly on your strangely shaped body.
You are dopey. (Int -2)
You are frail. (-10% HP)
Your magical capacity is very low. (-20% MP)
You are resistant to hostile enchantments. (MR+)
You are covered in fur. (AC +1)
You are weak. (Str -2)


Message History

You block the sun demon's attack. You block the sun demon's attack.
You block the sun demon's attack.
Things that are here:
a +0 robe; a +0 dagger You block the sun demon's attack.
You block the sun demon's attack.
You thrash the sun demon!!
You headbutt the sun demon, but do no damage.
The sun demon is severely wounded.
You block the sun demon's attack.
You thrash the sun demon!!
You kill the sun demon!
No target in view!
No target in view!
You now have 10477 gold pieces (gained 54).
There are no items here.
There is a staircase leading out of the dungeon here.
You can't go down here!
You have escaped!

▓▓▓▓▓▓▓▓▓ ▓▓
▓@..#...#### ##.
▓...#......#####..
▓..##.......#..#..
▓##.##.##...#..#..
##.##.###..##'#..
▓#.####.##..###...
▓.###..##..####...
▓#.....##.[###....
###..##...##.....


There were no monsters in sight!

Vanquished Creatures
  Antaeus (D)
  Gloorx Vloq (D)
  the Royal Jelly (D)
  Dispater (D)
  the Serpent of Hell (D)
  An ancient lich (D)
  Tiamat (D)
  An orb of fire (D)
  Mara (D)
  Mennas (D)
  Boris (D)
  7 greater mummies (D)
  Frederick (D)
  A Killer Klown (D)
  Sigmund (D)
  Nikola (D)
  A golden dragon (D)
  Geryon (D)
  Nellie (D)
  An iron giant (D)
  4 bone dragons (D)
  A Brimstone Fiend (D)
  Rupert (D)
  A lich (D)
  3 Hell Sentinels (D)
  2 pandemonium lords (D)
  6 Orb Guardians (D)
  5 Ice Fiends (D)
  A titan (D)
  5 acid blobs (D)
  3 deep elf blademasters (D)
  A quicksilver dragon (D)
  A kraken (D)
  Gastronok (D)
  2 sphinxes (D)
  An Executioner (D)
  Murray (D)
  Chuck (D)
  2 shadow dragons (D)
  2 storm dragons (D)
  Roxanne (D)
  A nagaraja (D)
  2 frost giants (D)
  2 draconian knights (D)
  12 azure jellies (D)
  3 ghost moths (D)
  5 fire giants (D)
  2 draconian scorchers (D)
  A draconian shifter (D)
  3 draconian stormcallers (D)
  An iron dragon (D)
  2 war gargoyles (D)
  4 vampire knights (D)
  2 stone giants (D)
  Nessos (D)
  3 deep elf demonologists (D)
  A yellow draconian (D)
  Azrael (D)
  2 dire elephants (D)
  A deep elf annihilator (D)
  9 mummy priests (D)
  A green death (D)
  2 deep elf death magi (D)
  4 yaktaur captains (D)
  3 death oozes (D)
  2 hell beasts (D)
  17 vault guards (D)
  A fire dragon (D)
  Erolcha (D)
  A naga warrior (D)
  2 hydras (D)
  An alligator snapping turtle (D)
  2 centaur warriors (D)
  An ogre mage (D)
  3 anacondas (D)
  An iron elemental (D)
  4 death yaks (D)
  Urug (D)
  2 orc high priests (D)
  An iron golem (D)
  4 sun demons (D)
  A fire crab (shapeshifter) (D)
  2 soul eaters (D)
  A shadow wraith (D)
  3 kraken simulacra (D)
  9 skeletal warriors (D)
  A death drake (D)
  An orange crystal statue (D)
  A glowing orange brain (D)
  A spriggan druid (D)
  A deep troll (shapeshifter) (D)
  2 obsidian statues (D)
  A lindwurm (D)
  2 orc knights (D)
  6 deep elf magi (D)
  2 oklob plants (D)
  2 shining eyes (D)
  4 crystal guardians (D)
  8 ugly things (D)
  A moth of wrath (D)
  A rust devil (D)
  3 stone giant skeletons (D)
  A guardian serpent (D)
  2 cane toads (D)
  2 elephants (D)
  8 statues (D)
  8 black mambas (D)
  Edmund (D)
  A molten gargoyle (D)
  A rime drake (D)
  7 hellions (D)
  A komodo dragon (D)
  An anaconda simulacrum (D)
  11 yaktaurs (D)
  25 guardian mummies (D)
  2 ice devils (D)
  A jumping spider (shapeshifter) (D)
  3 hornets (D)
  4 spriggan defenders (D)
  2 tyrant leeches (D)
  A queen bee (D)
  8 blink frogs (D)
  5 snapping turtles (D)
  3 wandering mushrooms (D)
  7 slime creatures (D)
  2 spriggans (D)
  8 shadows (D)
  5 redbacks (D)
  A golden eye (D)
  3 iron troll simulacra (D)
  A spatial vortex (D)
  2 nagas (D)
  3 water moccasins (D)
  A hydra simulacrum (D)
  A swamp drake (D)
  5 floating eyes (D)
  3 orc warriors (D)
  A fire dragon simulacrum (D)
  A necrophage (D)
  A black mamba simulacrum (D)
  5 two-headed ogres (D)
  A water elemental (D)
  A scorpion (D)
  29 killer bees (D)
  5 electric eels (D)
  3 quasits (D)
  A jelly (D)
  6 orc priests (D)
  A wizard (D)
  Jessica (D)
  4 necromancers (D)
  3 orc wizards (D)
  2 polar bear simulacra (D)
  3 humans (D)
  A kobold demonologist (D)
  3 adders (D)
  2 oozes (D)
  7 orcs (D)
  A hobgoblin (D)
  A ball python zombie (D)
  A bat simulacrum (D)
  A leopard gecko zombie (D)
  A rat (D)
  4 bushes (D)
  4 butterflies (D)
  A plant (D)
  4 tentacles (D)
475 creatures vanquished.

Vanquished Creatures (collateral kills)
  A greater mummy (D)
  2 war gargoyles (D)
  An iron elemental (D)
  2 rust devils (D)
  3 guardian mummies (D)
  A shadow (D)
  2 killer bees (D)
  7 quasits (D)
19 creatures vanquished.

Vanquished Creatures (others)
  4 dancing weapons (D)
  A skeletal warrior (D)
  A shining eye (D)
  A yaktaur (D)
  A statue (D)
  A killer bee (D)
  4 ball lightnings (D)
  4 ballistomycete spores (D)
  A fungus (D)
  43 plants (D)
  5 tentacles (D)
66 creatures vanquished.

Grand Total: 560 creatures vanquished

Notes
Turn   | Place    | Note
-------+----------+-------------------------------------------
     0 | D        | olmar the Minotaur Fighter began the quest for the Orb.
     0 | D        | Reached XP level 1. HP: 19/19 MP: 0/0
    53 | D        | Reached XP level 2. HP: 26/28 MP: 1/1
    86 | D        | Noticed Jessica
    90 | D        | Killed Jessica
    90 | D        | Reached skill level 5 in Fighting
    90 | D        | Reached skill level 5 in Armour
    90 | D        | Reached skill level 5 in Shields
    90 | D        | Reached XP level 3. HP: 26/36 MP: 2/2
   277 | D        | Noticed a scorpion
   281 | D        | Killed a scorpion
   281 | D        | Reached skill level 5 in Maces & Flails
   281 | D        | Reached XP level 4. HP: 42/45 MP: 3/3
   377 | D        | Gained mutation: You are resistant to hostile enchantments.
                  | (MR+) [potion of mutation]
   377 | D        | Gained mutation: You are partially covered in large bone
                  | plates. (SH +4) [potion of mutation]
   377 | D        | Gained mutation: You are covered in fur. (AC +1) [potion of
                  | mutation]
   377 | D        | Gained mutation: You are partially covered in slimy green
                  | scales. (AC +2) [potion of mutation]
   379 | D        | Noticed a water elemental
   387 | D        | Killed a water elemental
   387 | D        | Reached XP level 5. HP: 40/52 MP: 4/4
   404 | D        | Noticed a shadow
   413 | D        | Killed a shadow
   413 | D        | Reached XP level 6. HP: 37/62 MP: 5/5
   538 | D        | Found a blossoming altar of Fedhas.
   538 | D        | Found a stormy altar of Qazlal.
   539 | D        | Found a snail-covered altar of Cheibriados.
   539 | D        | Found a burning altar of Makhleb.
   539 | D        | Found a hazy altar of Hepliaklqana.
   539 | D        | Found a shimmering altar of Xom.
   539 | D        | Found an opulent altar of Gozag.
   539 | D        | Found a sparkling altar of Nemelex Xobeh.
   539 | D        | Found a corrupted altar of Lugonu.
   539 | D        | Found a viscous altar of Jiyva.
   539 | D        | Noticed a spatial vortex
   544 | D        | Became a worshipper of Gozag Ym Sagoz the Greedy
   655 | D        | Noticed a two-headed ogre
   655 | D        | Noticed a two-headed ogre
   656 | D        | Noticed a two-headed ogre
   661 | D        | Killed a two-headed ogre
   686 | D        | Killed a two-headed ogre
   686 | D        | Reached skill level 10 in Armour
   698 | D        | Killed a two-headed ogre
   698 | D        | Reached XP level 7. HP: 16/70 MP: 6/6
   952 | D        | Noticed an orc high priest
   956 | D        | Reached skill level 10 in Maces & Flails
   964 | D        | Reached skill level 10 in Shields
   964 | D        | Reached skill level 1 in Evocations
   966 | D        | Reached skill level 10 in Fighting
   974 | D        | Found Leryvip's Distillery.
   978 | D        | Killed an orc high priest
   978 | D        | Reached XP level 8. HP: 81/81 MP: 7/7
  1122 | D        | Bought a potion of brilliance for 44 gold pieces
  1122 | D        | Bought a potion of stabbing for 44 gold pieces
  1122 | D        | Bought a potion of cancellation for 88 gold pieces
  1122 | D        | Bought a potion of resistance for 110 gold pieces
  1122 | D        | Bought a potion of degeneration for 11 gold pieces
  1122 | D        | Bought a potion of heal wounds for 55 gold pieces
  1122 | D        | Bought a potion of heal wounds for 55 gold pieces
  1122 | D        | Bought a potion of curing for 33 gold pieces
  1140 | D        | Noticed a deep elf mage
  1140 | D        | Noticed a deep elf mage
  1140 | D        | Noticed a deep elf mage
  1140 | D        | Noticed a deep elf mage
  1140 | D        | Noticed a deep elf mage
  1151 | D        | Killed a deep elf mage
  1154 | D        | Killed a deep elf mage
  1154 | D        | Reached XP level 9. HP: 88/89 MP: 8/8
  1155 | D        | Killed a deep elf mage
  1158 | D        | Killed a deep elf mage
  1166 | D        | Killed a deep elf mage
  1183 | D        | Noticed a deep elf demonologist
  1220 | D        | Found a basalt altar of Yredelemnul.
  1220 | D        | Found a shadowy altar of Dithmenos.
  1220 | D        | Found a sacrificial altar of Ru.
  1223 | D        | Reached skill level 15 in Maces & Flails
  1303 | D        | Found a radiant altar of Vehumet.
  1303 | D        | Found a shimmering blue altar of Sif Muna.
  1303 | D        | Found an ancient bone altar of Kikubaaqudgha.
  1323 | D        | Found a glowing silver altar of Zin.
  1324 | D        | Found a glowing golden altar of the Shining One.
  1324 | D        | Found a white marble altar of Elyvilon.
  1324 | D        | Noticed a deep elf mage
  1329 | D        | Killed a deep elf mage
  1329 | D        | Reached XP level 10. HP: 99/99 MP: 9/9
  1335 | D        | Found a hide-covered altar of Uskayaw.
  1335 | D        | Found a roughly hewn altar of Beogh.
  1335 | D        | Found an iron altar of Okawaru.
  1335 | D        | Found a bloodstained altar of Trog.
  1335 | D        | Found an ornate altar of the Wu Jian Council.
  1466 | D        | Noticed Erolcha
  1473 | D        | Killed Erolcha
  1836 | D        | Reached skill level 15 in Armour
  1863 | D        | Reached skill level 5 in Evocations
  2338 | D        | Reached XP level 11. HP: 100/108 MP: 10/10
  2976 | D        | Bought 2 potions of ambrosia for 224 gold pieces
  2976 | D        | Bought a scroll of remove curse for 42 gold pieces
  2976 | D        | Bought a scroll of vulnerability for 105 gold pieces
  3140 | D        | Noticed Edmund
  3141 | D        | Noticed Sigmund
  3158 | D        | Killed Edmund
  3168 | D        | Killed Sigmund
  3168 | D        | Reached skill level 15 in Fighting
  3168 | D        | Reached skill level 15 in Shields
  3654 | D        | Bought a scroll of remove curse for 72 gold pieces
  3654 | D        | Bought a spiked cloak for 228 gold pieces
  3654 | D        | Bought a scroll labeled HOV GATSEXIMM for 24 gold pieces
  3654 | D        | Bought a potion of might for 96 gold pieces
  3659 | D        | Identified the +2 cloak of Yteastus {rElec MP+9 Dex+9} (You
                  | bought it in a shop in the Dungeon)
  3729 | D        | Noticed an obsidian statue
  3743 | D        | Killed an obsidian statue
  3783 | D        | Found Vipesuige's Weapon Emporium.
  3783 | D        | Found Cedof's Gadget Shop.
  3783 | D        | Found Veobuh's Gadget Shoppe.
  3783 | D        | Found Fiuvvaqo's Weapon Boutique.
  3783 | D        | Found Igumo's Antique Armour Shop.
  3783 | D        | Found Xyfrohiapu's Antique Weapon Emporium.
  3783 | D        | Found Uczeyle's Gadget Boutique.
  3784 | D        | Found Hoqoarph's Jewellery Boutique.
  3784 | D        | Found Noklumm's Distillery.
  3784 | D        | Found Vouxtuhu's Book Shop.
  3784 | D        | Found Noubboump's Magic Scroll Emporium.
  3803 | D        | Bought a scroll of magic mapping for 35 gold pieces
  3803 | D        | Bought a scroll of blinking for 75 gold pieces
  3815 | D        | Bought a potion of curing for 36 gold pieces
  3815 | D        | Bought a potion of curing for 36 gold pieces
  3815 | D        | Bought a potion of curing for 36 gold pieces
  3815 | D        | Bought a potion of haste for 120 gold pieces
  3815 | D        | Bought a potion of invisibility for 96 gold pieces
  3815 | D        | Bought a potion of lignification for 36 gold pieces
  3815 | D        | Bought a potion of curing for 36 gold pieces
  3815 | D        | Bought a potion of heal wounds for 60 gold pieces
  3815 | D        | Bought 2 potions of curing for 72 gold pieces
  3815 | D        | Bought a potion of curing for 36 gold pieces
  3815 | D        | Bought a potion of invisibility for 96 gold pieces
  3816 | D        | Bought a +2 mace of draining for 174 gold pieces
  3817 | D        | Bought an uncursed amulet of reflection for 360 gold pieces
  3817 | D        | Bought an uncursed ring of poison resistance for 240 gold
                  | pieces
  3817 | D        | Bought a +4 ring of evasion for 432 gold pieces
  3828 | D        | Bought a wand of disintegration (17) for 231 gold pieces
  3828 | D        | Bought a wand of flame (17) for 104 gold pieces
  3835 | D        | Bought the amulet of the Crushing Genius {Reflect rF+ rN+
                  | MR+ Int-5 SH+5} for 736 gold pieces
  3835 | D        | Bought the ring "Jekasiuf" {rPois rF+ rC+} for 734 gold
                  | pieces
  3850 | D        | Lost intelligence.
  3974 | D        | Bought a scroll of enchant armour for 180 gold pieces
  3974 | D        | Bought a scroll of remove curse for 72 gold pieces
  3974 | D        | Bought a scroll of remove curse for 72 gold pieces
  4014 | D        | Noticed a lindwurm
  4021 | D        | Killed a lindwurm
  4066 | D        | Noticed Urug
  4077 | D        | Killed Urug
  4268 | D        | Noticed a five-headed hydra
  4268 | D        | Noticed a four-headed hydra
  4273 | D        | Killed a five-headed hydra
  4273 | D        | Reached XP level 12. HP: 122/122 MP: 11/11
  4277 | D        | Killed a four-headed hydra
  4511 | D        | Found a blossoming altar of Fedhas.
  4703 | D        | Noticed an anaconda
  4703 | D        | Noticed an anaconda
  4704 | D        | Noticed an anaconda
  4709 | D        | Killed an anaconda
  4711 | D        | Killed an anaconda
  4712 | D        | Killed an anaconda
  4860 | D        | Noticed a nagaraja
  4862 | D        | Noticed a naga warrior
  4863 | D        | Found Zofifocs's Antique Weapon Shop.
  4863 | D        | Found Coasmyq's Gadget Shoppe.
  4871 | D        | Killed a nagaraja
  4875 | D        | Killed a naga warrior
  4935 | D        | Found Waby's Distillery.
  4963 | D        | Got a serpentine rune of Zot
  4975 | D        | Bought a potion of heal wounds for 55 gold pieces
  4975 | D        | Bought a potion of heal wounds for 55 gold pieces
  4975 | D        | Bought a potion of heal wounds for 55 gold pieces
  4979 | D        | Bought the +6 flail "Vycwule" {venom, Int+2 Dex+2 SInv} for
                  | 807 gold pieces
  5104 | D        | Reached skill level 10 in Evocations
  5277 | D        | Noticed Rupert
  5286 | D        | Killed Rupert
  5286 | D        | Reached XP level 13. HP: 102/128 MP: 12/12
  5383 | D        | Noticed an azure jelly
  5383 | D        | Noticed an azure jelly
  5383 | D        | Noticed an azure jelly
  5383 | D        | Noticed an azure jelly
  5385 | D        | Noticed a dire elephant
  5385 | D        | Noticed a dire elephant
  5385 | D        | Noticed Gastronok
  5397 | D        | Killed a dire elephant
  5415 | D        | Killed a dire elephant
  5421 | D        | Killed Gastronok
  5755 | D        | Noticed a kraken
  5771 | D        | Killed a kraken
  5845 | D        | Found Damask's Antique Weapon Shoppe.
  5845 | D        | Found Qane's Distillery.
  5845 | D        | Found Ojupol's Jewellery Shop.
  5969 | D        | Got a barnacled rune of Zot
  5973 | D        | Bought a potion of curing for 42 gold pieces
  5973 | D        | Bought a potion of curing for 42 gold pieces
  5974 | D        | Bought a smoking morningstar for 225 gold pieces
  5974 | D        | Identified the +4 morningstar of Attainder {pain, rN+ Str+3
                  | Int+4 Dex-2} (You bought it in a shop in the Dungeon)
  6153 | D        | Noticed a deep elf demonologist
  6154 | D        | Noticed a deep elf death mage
  6157 | D        | Noticed a deep elf blademaster
  6160 | D        | Killed a deep elf death mage
  6162 | D        | Noticed a deep elf annihilator
  6163 | D        | Killed a deep elf demonologist
  6165 | D        | Killed a ghostly deep elf death mage
  6168 | D        | Noticed a deep elf death mage
  6198 | D        | Noticed a deep elf demonologist
  6198 | D        | Killed a deep elf annihilator
  6200 | D        | Noticed a reaper
  6203 | D        | Killed a deep elf demonologist
  6380 | D        | Noticed a reaper
  6381 | D        | Noticed an Ice Fiend
  6386 | D        | Killed a deep elf death mage
  6392 | D        | Noticed a Tzitzimitl
  6392 | D        | Killed a deep elf demonologist
  6411 | D        | Killed a deep elf blademaster
  6411 | D        | Reached XP level 14. HP: 69/144 MP: 13/13
  6559 | D        | Identified the Papyrus of the Secret Ghosts
  6564 | D        | Got a faintly glowing ivory ring
  6575 | D        | Got a bloodstained leather armour
  6590 | D        | Identified the ring of Dithmenos's Reproof {rElec MR++ MP+9
                  | Int-5} (You found it in the Dungeon)
  6896 | D        | Identified the +0 leather armour of Terror {rC+ Regen+
                  | Str+2 Stlth+} (You found it in the Dungeon)
  6966 | D        | Bought the +2 hood of the Assassin {Detection Stab+
                  | Stlth++} for 1920 gold pieces
  6966 | D        | Found the +2 hood of the Assassin {Detection Stab+ Stlth++}
  6966 | D        | Bought a scorched cloak for 304 gold pieces
  6977 | D        | Identified the +1 cloak "Sujaith" {rElec} (You bought it in
                  | a shop in the Dungeon)
  7386 | D        | Paralysed by a floating eye for 3 turns
  8049 | D        | Bought a smelly plate armour for 896 gold pieces
  8059 | D        | Identified the +10 plate armour "Bel Ilemumul" {Str-4 SInv
                  | Stlth+} (You bought it in a shop in the Dungeon)
  8104 | D        | Found Nysurgh's Armour Emporium.
  8104 | D        | Found Ysidic's Gadget Shop.
  8104 | D        | Found Jyom's Distillery.
  8104 | D        | Found Fegex's Gadget Shoppe.
  8125 | D        | Bought a potion of curing for 39 gold pieces
  8125 | D        | Bought a potion of heal wounds for 65 gold pieces
  8125 | D        | Bought a potion of curing for 39 gold pieces
  8135 | D        | Identified Roxanne's Grimoire of Earth
  8135 | D        | Noticed Roxanne
  8159 | D        | Killed Roxanne
  8208 | D        | Bought a pair of distressingly furry boots for 228 gold
                  | pieces
  8208 | D        | Bought a potion of curing for 72 gold pieces
  8217 | D        | Identified the cursed -1 pair of boots of Kindness {rN+ MR+
                  | SInv} (You bought it in a shop in the Dungeon)
  8223 | D        | Found Fier's Gadget Boutique.
  8313 | D        | Noticed a red draconian knight
  8314 | D        | Noticed a white draconian knight
  8328 | D        | Killed a red draconian knight
  8342 | D        | Killed a white draconian knight
  8505 | D        | Noticed an Executioner
  8521 | D        | Killed an Executioner
  8648 | D        | Noticed Nessos
  8657 | D        | Killed Nessos
  8685 | D        | Gained mutation: Your magical capacity is low. (-10% MP) [a
                  | shining eye]
  8724 | D        | Noticed a deep elf blademaster
  8724 | D        | Noticed a deep elf blademaster
  8734 | D        | Killed a deep elf blademaster
  8734 | D        | Killed a deep elf blademaster
  8943 | D        | Noticed Nikola
  8943 | D        | Noticed a storm dragon
  8953 | D        | Killed a storm dragon
  8957 | D        | Killed Nikola
  8957 | D        | Reached XP level 15. HP: 74/157 MP: 12/12
  9206 | D        | Reached skill level 27 in Shields
  9537 | D        | Noticed Mara
  9557 | D        | Killed Mara
  9820 | D        | Noticed Geryon
  9866 | D        | Killed Geryon
 10078 | D        | Noticed an iron giant
 10412 | D        | Bought a +2 crystal plate armour for 1748 gold pieces
 10588 | D        | Reached skill level 15 in Evocations
 10663 | D        | Killed an iron giant
 10702 | D        | Noticed an iron dragon
 10719 | D        | Killed an iron dragon
 10881 | D        | Noticed a Hell Sentinel
 10905 | D        | Killed a Hell Sentinel
 10924 | D        | Got a jewelled tower shield
 10940 | D        | Identified the +9 tower shield of the Wonderful Slorg
                  | {rPois rN++ Str+3} (You found it in the Dungeon)
 11136 | D        | Noticed Chuck
 11148 | D        | Killed Chuck
 11148 | D        | Reached XP level 16. HP: 171/176 MP: 13/13
 11181 | D        | Noticed Frederick
 11196 | D        | Killed Frederick
 11216 | D        | Noticed a lich
 11224 | D        | Killed a lich
 11237 | D        | Noticed a shadow dragon
 11238 | D        | Noticed a shadow dragon
 11256 | D        | Killed a shadow dragon
 11272 | D        | Killed a shadow dragon
 11272 | D        | Reached skill level 27 in Maces & Flails
 11303 | D        | Noticed a quicksilver dragon
 11303 | D        | Noticed a titan
 11303 | D        | Noticed a golden dragon
 11307 | D        | Reached skill level 27 in Fighting
 11307 | D        | Killed a quicksilver dragon
 11308 | D        | Killed a titan
 11310 | D        | Killed a golden dragon
 11389 | D        | Got a silver rune of Zot
 11393 | D        | Got a smoking mace
 11413 | D        | Identified the Guide on the Doomed Volcanoes
 11419 | D        | Acquired 852 gold pieces
 11440 | D        | Identified the +6 mace of Wyrd {freeze, Str+3 Dex+4} (You
                  | found it in the Dungeon)
 11453 | D        | Bought a potion of heal wounds for 80 gold pieces
 11453 | D        | Bought 2 potions of curing for 96 gold pieces
 11453 | D        | Bought a potion of heal wounds for 80 gold pieces
 11457 | D        | Bought a slimy flail for 263 gold pieces
 11457 | D        | Identified the +6 flail "Hebb" {pain, +Fly Str+3} (You
                  | bought it in a shop in the Dungeon)
 11630 | D        | Noticed a bone dragon
 11639 | D        | Killed a bone dragon
 11639 | D        | Reached XP level 17. HP: 191/191 MP: 14/14
 11742 | D        | Reached skill level 27 in Armour
 12519 | D        | Noticed a greater mummy
 12519 | D        | Noticed a greater mummy
 12530 | D        | Killed a greater mummy
 12532 | D        | Killed a greater mummy
 12595 | D        | Got a golden rune of Zot
 12597 | D        | Got a pitted steel ring
 12602 | D        | Identified the ring of Tachac {*Corrode +Fly rElec Str+3}
                  | (You found it in the Dungeon)
 12835 | D        | Acquired the ring of Interdependent Arising {rN+ MR+++
                  | Str+4 Dex+3 Stlth-}
 12839 | D        | Acquired the ring "Nynein" {rElec rF+ rC++ rCorr Int+4}
 12921 | D        | Noticed a bone dragon
 12932 | D        | Killed a bone dragon
 12953 | D        | Noticed a bone dragon
 12966 | D        | Killed a bone dragon
 12997 | D        | Noticed a bone dragon
 13011 | D        | Killed a bone dragon
 13107 | D        | Noticed Boris
 13107 | D        | Reached skill level 1 in Stealth
 13121 | D        | Killed Boris
 13121 | D        | Reached skill level 1 in Dodging
 13164 | D        | Acquired 918 gold pieces
 13165 | D        | Acquired the +5 demon whip "Spellbinder" {antimagic, MR+}
 13166 | D        | Found the +5 demon whip "Spellbinder" {antimagic, MR+}
 13171 | D        | Noticed Mennas
 13204 | D        | Killed Mennas
 13204 | D        | Reached skill level 27 in Evocations
 13297 | D        | Noticed the Serpent of Hell
 13316 | D        | Killed the Serpent of Hell
 13316 | D        | Reached skill level 5 in Dodging
 13316 | D        | Reached XP level 18. HP: 200/200 MP: 8/15
 13326 | D        | Noticed a Brimstone Fiend
 13341 | D        | Killed a Brimstone Fiend
 13672 | D        | Noticed a Hell Sentinel
 13672 | D        | Identified the +4 staff of Dispater
 13672 | D        | Noticed Dispater
 13676 | D        | Noticed a Hell Sentinel
 13681 | D        | Noticed a Brimstone Fiend
 13688 | D        | Killed a Hell Sentinel
 13700 | D        | Killed a Hell Sentinel
 13704 | D        | Noticed a Tzitzimitl
 13722 | D        | Killed Dispater
 13736 | D        | Got an iron rune of Zot
 13989 | D        | Noticed a greater mummy
 14003 | D        | Killed a greater mummy
 14045 | D        | Noticed Gloorx Vloq
 14068 | D        | Killed Gloorx Vloq
 14433 | D        | Noticed a greater mummy
 14443 | D        | Killed a greater mummy
 14447 | D        | Noticed a greater mummy
 14454 | D        | Killed a greater mummy
 14603 | D        | Noticed a greater mummy
 14655 | D        | Killed a greater mummy
 15018 | D        | Noticed a greater mummy
 15024 | D        | Noticed a greater mummy
 15029 | D        | Reached skill level 15 in Dodging
 15037 | D        | Noticed Murray
 15054 | D        | Killed a greater mummy
 15055 | D        | Killed Murray
 15060 | D        | Killed a greater mummy
 15071 | D        | Got a bone rune of Zot
 15684 | D        | Reached XP level 19. HP: 205/205 MP: 8/16
 15701 | D        | Noticed Nellie
 15711 | D        | Killed Nellie
 15715 | D        | Got a demonic rune of Zot
 15825 | D        | Acquired 1093 gold pieces
 15830 | D        | Bought a scroll of acquirement for 884 gold pieces
 15830 | D        | Bought a scroll of summoning for 161 gold pieces
 15830 | D        | Bought a scroll of enchant weapon for 127 gold pieces
 15842 | D        | Bought a pair of slimy gloves for 408 gold pieces
 15853 | D        | Identified the +0 pair of gloves of Cheibriados's Pride
                  | {rPois rF+ Dex+2} (You bought it in a shop in the Dungeon)
 16059 | D        | Noticed the Royal Jelly
 16072 | D        | Killed the Royal Jelly
 16566 | D        | Gained mutation: Scrolls take you a little longer to read.
                  | [a shining eye]
 16584 | D        | Got a slimy rune of Zot
 16591 | D        | Acquired 954 gold pieces
 17101 | D        | Reached skill level 27 in Stealth
 17116 | D        | Got a pair of shimmering boots
 17132 | D        | Identified the +4 pair of boots of Paranoia {Str+3} (You
                  | found it in the Dungeon)
 17227 | D        | Noticed Azrael
 17238 | D        | Killed Azrael
 17591 | D        | Found the +3 Elemental Staff {rElec rF++ rC++ MR++ AC+5}
 17612 | D        | Got an obsidian rune of Zot
 17800 | D        | Acquired 1132 gold pieces
 17802 | D        | Acquired 763 gold pieces
 17804 | D        | Acquired 563 gold pieces
 18468 | D        | Noticed Antaeus
 18562 | D        | Killed Antaeus
 18762 | D        | Got an icy rune of Zot
 18862 | D        | Noticed a Killer Klown
 18878 | D        | Killed a Killer Klown
 18895 | D        | Reached skill level 27 in Dodging
 18899 | D        | Reached skill level 5 in Short Blades
 18899 | D        | Reached skill level 5 in Polearms
 18901 | D        | Reached skill level 5 in Ice Magic
 19116 | D        | Noticed an ancient lich
 19129 | D        | Killed an ancient lich
 19155 | D        | Reached skill level 10 in Ice Magic
 19303 | D        | Reached skill level 1 in Spellcasting
 19304 | D        | Reached XP level 20. HP: 81/216 MP: 8/20
 19606 | D        | Identified the +4 dragonskin cloak
 19606 | D        | Noticed Tiamat
 19643 | D        | Killed Tiamat
 19717 | D        | Noticed an orb of fire
 19722 | D        | Killed an orb of fire
 19752 | D        | Gained mutation: You tend to lose your temper in combat.
                  | [mutagenic glow]
 19777 | D        | Gained mutation: Scrolls take you longer to read.
                  | [mutagenic glow]
 19790 | D        | Gained mutation: Armour fits poorly on your strangely
                  | shaped body. [mutagenic glow]
 20156 | D        | Got the Orb of Zot
 20157 | D        | Gained mutation: You are weak. (Str -2) [mutagenic glow]
 20165 | D        | Gained mutation: You are dopey. (Int -2) [mutagenic glow]
 20172 | D        | Gained mutation: You are frail. (-10% HP) [mutagenic glow]
 20179 | D        | Gained mutation: You often lose your temper in combat.
                  | [mutagenic glow]
 20200 | D        | Gained mutation: You are clumsy. (Dex -2) [mutagenic glow]
 20208 | D        | Noticed Ruos the pandemonium lord
 20229 | D        | Lost mutation: You are partially covered in large bone
                  | plates. (SH +4) [mutagenic glow]
 20235 | D        | Killed Ruos the pandemonium lord
 20263 | D        | Gained mutation: Your magical capacity is very low. (-20%
                  | MP) [mutagenic glow]
 20324 | D        | Noticed Bogitow the pandemonium lord
 20358 | D        | Killed Bogitow the pandemonium lord
 20488 | D        | Escaped with the Orb!

Illustrated notes

Levels and vault maps discovered:
D:        dungeon_sprint_mu [sprint_mu_entry_cave, sprint_mu_temple_rooms,
          sprint_mu_d1_spiders, sprint_mu_d2_genie, sprint_mu_d3_branching,
          sprint_mu_orc_legion, sprint_mu_elf_gauntlet, sprint_mu_hive_nellie,
          sprint_mu_lair_fedhas, sprint_mu_vaults_butterflies,
          sprint_mu_slime_circle, sprint_mu_shoals_kraken,
          sprint_mu_snake_twists, sprint_mu_blade_basic,
          sprint_mu_crypt_chambers, sprint_mu_tomb_spiral,
          sprint_mu_vestibule_basic, sprint_mu_gehenna_hellfire,
          sprint_mu_dis_giant, sprint_mu_tartarus_statrot,
          sprint_mu_cocytus_islands, sprint_mu_zot1]

Skill      XL: |  1  2  3  4  5  6  7  8  9 10 11 12 13 14 15 16 17 18 19 20 |
---------------+-------------------------------------------------------------+-----
Fighting       | 4 5 6 7 8 9 10 11 12 13 15 16 18 20 24 27 | 27.0
Armour         | 4 5 6 7 9 10 12 14 15 16 17 18 19 22 26 27 | 27.0
Shields        | 4 5 6 7 8 9 11 12 14 16 19 23 26 27 | 27.0
Maces & Flails | 3 5 6 8 9 12 13 15 17 19 20 21 23 26 27 | 27.0
Evocations     | 2 3 5 7 10 12 13 15 20 27 | 27.0
Stealth        | 12 24 27 | 27.0
Dodging        | 5 16 27 | 27.0
Short Blades   | 13 | 13.3
Polearms       | 14 | 14.8
Ice Magic      | 11 | 11.1
Spellcasting   | 2 16 | 16.9

Action                   |  1- 3 |  4- 6 |  7- 9 | 10-12 | 13-15 | 16-18 | 19-21 || total
-------------------------+-------+-------+-------+-------+-------+-------+-------++-------
Melee: Flail             |    33 |    29 |    47 |   158 |    80 |       |       ||   347
       Headbutt          |     3 |     8 |     7 |    53 |   177 |   179 |   179 ||   606
       Mace              |       |       |       |    51 |       |       |       ||    51
       Morningstar       |       |       |       |       |   455 |   179 |       ||   634
       Eveningstar       |       |       |       |       |       |    18 |       ||    18
       Demon whip        |       |       |       |       |       |   221 |   408 ||   629
Invok: Call Merchant     |       |       |       |     4 |     4 |     3 |     3 ||    14
       Potion Petition   |       |       |       |       |     1 |     4 |     1 ||     6
 Abil: Evoke Flight      |       |       |       |       |       |       |     6 ||     6
Evoke: Condenser vane    |       |     3 |     3 |    19 |    28 |     9 |    11 ||    73
       Wand              |       |       |       |    18 |    19 |       |    11 ||    48
       Box of beasts     |       |       |       |       |     8 |     4 |       ||    12
       Tin of tremorston |       |       |       |       |     4 |    17 |       ||    21
       Horn of Geryon    |       |       |       |       |     1 |       |       ||     1
       Lightning rod     |       |       |       |       |       |       |     8 ||     8
  Use: Potion            |     1 |     2 |       |     4 |     5 |    11 |     6 ||    29
       Scroll            |       |       |       |       |    10 |    13 |     6 ||    29
 Stab: Confused          |       |       |     2 |     4 |       |       |       ||     6
       Distracted        |       |       |       |       |     5 |     6 |     3 ||    14
       Sleeping          |       |       |       |       |       |     2 |     6 ||     8
Armor: Scale mail        |     9 |     1 |     6 |    25 |    21 |       |       ||    62
       Plate armour      |       |       |       |       |   146 |    46 |       ||   192
       Chain mail        |       |       |       |       |    23 |       |       ||    23
       Crystal plate arm |       |       |       |       |       |    47 |   107 ||   154
       Skin              |       |       |       |       |       |    30 |       ||    30
Dodge: Dodged            |     6 |    12 |     4 |    46 |    78 |    57 |   105 ||   308
Block: Kite shield       |    12 |    12 |    11 |   151 |   537 |       |       ||   723
       Reflection        |       |       |       |       |    29 |    38 |     6 ||    73
       Tower shield      |       |       |       |       |     5 |   542 |   446 ||   993

Table legend: (Time is in decaauts) A = Elapsed time spent in this place. B = Non-inter-level travel time spent in this place. C = Inter-level travel time spent in this place. D = Time resting spent in this place. E = Time spent auto-exploring this place. F = Levels seen in this place. G = Mean time per level. A B C D E F G +--------+--------+--------+--------+--------+-----+--------+ Total | 20017 | 19272 | 745 | 12290 | 1165 | 1 | 20017.0 | Dungeon | 20017 | 19272 | 745 | 12290 | 1165 | 1 | 20017.0 | +--------+--------+--------+--------+--------+-----+--------+

Top non-repeatable levels by time:
       D: 20017 daAuts
